 Dungeon Crawl Stone Soup version 0.27.1 (webtiles) character file.

Game seed: 10134734463718404100

233 ABBCCCDDDD the Ducker (level 6, 0/39 HPs)
             Began as an Octopode Transmuter on Aug 25, 2021.
             Slain by a kobold brigand (6 damage)
             ... in a sewer.
             The game lasted 00:08:51 (5042 turns).

ABBCCCDDDD the Ducker (Octopode Transmuter)         Turns: 5042, Time: 00:08:52

Health: 0/39       AC:  1    Str: 10    XL:     6   Next: 5%
Magic:  8/9        EV: 14    Int: 17    God:
Gold:   125        SH:  0    Dex: 12    Spells: 8/9 levels left

rFire    . . .     SeeInvis .   b - +0 short sword
rCold    . . .     Faith    .   (no shield)
rNeg     . . .     Spirit   .   (helmet currently unavailable)
rPois    .         Reflect  .   (no amulet)
rElec    .         Harm     .   (no ring)
rCorr    .         Rampage  .   (no ring)
Will     .....                  (no ring)
Stlth    +++.......             (no ring)
HPRegen  0.13/turn              (no ring)
MPRegen  0.11/turn              (no ring)
                                (no ring)
                                (no ring)

@: brilliant, appendages (expiring), slowed, invisible, very slow
A: tentacle spike 3, almost no armour, amphibious, 8 rings, camouflage 1,
gelatinous body 1, (nimble swimmer 1), tentacles
a: End Transformation


You were in a sewer.
One of your tentacles had grown a beastly spike.
You visited 1 branch of the dungeon, and saw 3 of its levels.
You also visited: Sewer.

You collected 125 gold pieces.

Inventory:

Hand Weapons
 b - a +0 short sword (weapon)
 f - a +0 spear
 j - a +0 glaive
Missiles
 c - 51 stones
Scrolls
 a - a scroll of teleportation
 e - 3 scrolls of identify {unknown}
 i - a scroll of amnesia {unknown}
Potions
 d - a potion of might {unknown}
 g - a potion of brilliance
 h - a potion of flight {unknown}
 k - a potion of curing {unknown}
 l - a potion of invisibility
 m - a potion of resistance {unknown}
 n - a potion of experience {unknown}
 o - 2 potions of magic {unknown}


   Skills:
 - Level 2.0 Fighting
 + Level 4.0 Dodging
 + Level 3.7 Stealth
 - Level 3.0 Unarmed Combat
 - Level 2.0 Spellcasting
 + Level 3.5 Transmutations


You had 8 spell levels left.
You knew the following spells:

 Your Spells              Type           Power      Damage    Failure   Level
a - Beastly Appendage     Tmut           40%        N/A       4%          1

Your spell library contained the following spells:

 Spells                   Type           Power      Damage    Failure   Level
 Wereblood                Tmut           20%        N/A       7%          2
 Spider Form              Tmut/Pois      5%         N/A       28%         3
 Ice Form                 Ice/Tmut       11%        N/A       67%         4


Dungeon Overview and Level Annotations

Branches:
Dungeon (3/15)              Sewer (1/1)

Altars:
Uskayaw


Innate Abilities, Weirdness & Mutations

One of your tentacles has grown a beastly spike.
You cannot wear most types of armour.
You are amphibious.
You can wear up to eight rings at the same time.
Your skin changes colour to match your surroundings (Stealth+).
Your rubbery body absorbs attacks. (AC +1, EV +1)
((You are camouflaged near water. (Stealth+)))
You have tentacles for arms and can constrict up to eight enemies at once.


Message History

Confirm with . or Enter, or press ? or * to list all spells.
One of your tentacles grows a vicious spike.
The kobold throws a stone.
The stone closely misses you.
The kobold brigand throws a curare-tipped dart.
The curare-tipped dart hits you.
You are poisoned.
You have difficulty breathing.
You feel yourself slow down.
There is an open door here.
You feel very sick.
You feel very sick.
You feel sick.
Your magical contamination has completely faded away.
You barely miss the kobold. You grab the kobold. You constrict the kobold.
You feel sick. The kobold hits you with a +0 whip.
The kobold barely misses you.
You hit the kobold but do no damage.
The kobold is heavily wounded.
You constrict the kobold.
You kill the kobold!
You feel sick.
You miss the kobold. Your grab misses the kobold.
Your tentacle spike misses the kobold.
You squeeze the kobold.
You kill the kobold!
Your transformation is almost over.
You feel sick.
You are no longer poisoned.
The kobold brigand hits you with a +0 dagger. x2
* * * LOW HITPOINT WARNING * * *
It was a potion of brilliance.
You feel clever all of a sudden.
The kobold brigand hits you with a +0 dagger.
* * * LOW HITPOINT WARNING * * *
You aren't carrying any items that you can evoke without wielding.
Unknown command.
Okay, then.
It was a potion of invisibility.
You fade into invisibility!
The kobold brigand barely misses you.
The kobold brigand hits you with a +0 dagger.
You die...

≈≈≈≈...†##
.....≈≈≈≈≈≈....†.##
#...≈≈≈≈≈≈≈≈≈.....#
#...≈≈≈≈≈≈≈≈#.....#
##....≈≈≈≈≈≈≈##....#
#.....≈≈≈≈≈≈≈≈#....#
#.....≈≈≈≈≈≈≈≈≈....##
#....≈≈≈≈≈≈≈≈≈.....#
#..K@≈≈≈≈≈≈≈≈≈≈..).#
###)####≈#≈#≈###)###
#.....#≈#≈#≈##.....#
#...K.##≈#≈#≈#.....#
##...##≈#≈#≈###...##
#.....##≈#≈#≈#.....#
#!.#.K#≈#≈#≈##..#[.#
###############≈≈≈≈≈≈#######
#≈≈≈≈≈≈≈≈≈≈≈≈≈≈≈≈≈≈≈≈≈≈≈≈≈≈≈≈


You could see a kobold brigand.

Levels and vault maps discovered:
D:1:      scummos_arrival_forest, layout_basic,
          shapermc_ecumenical_altar_flowoftime, minmay_tiny_reverse_x
D:2:      layout_basic, hangedman_decor_riveting
D:3:      layout_basic, mainiacjoe_overflow_24_doors, portal_sewer_entry_d,
          serial_co_window_serial, co_window_of_opportunity_a,
          co_window_of_opportunity_a, co_window_paths_a, co_window_corner_a,
          co_window_paths_b, co_window_corner_a, co_window_corner_a,
          co_window_corner_a, co_window_of_opportunity_a, co_window_broadway_a,
          co_window_broadway_b, co_window_unsneaky_path_c, co_window_paths_d,
          glass_columns_b, glass_columns_a, glass_columns_b, glass_columns_a
Sewer:    sewer_minmay_treatment

Notes
Turn   | Place    | Note
-------+----------+-------------------------------------------
     0 | D:1      | ABBCCCDDDD the Octopode Transmuter began the quest for the
                  | Orb.
     0 | D:1      | Reached XP level 1. HP: 13/13 MP: 3/3
   502 | D:1      | Reached XP level 2. HP: 12/18 MP: 3/5
   627 | D:1      | Reached skill level 1 in Stealth
  1160 | D:1      | Reached XP level 3. HP: 18/24 MP: 4/6
  1340 | D:1      | Found a faded altar of an unknown god.
  2460 | D:2      | Reached XP level 4. HP: 29/29 MP: 7/7
  2528 | D:2      | Reached skill level 3 in Dodging
  3607 | D:2      | Reached XP level 5. HP: 17/34 MP: 6/8
  3885 | D:3      | Noticed a black bear
  4056 | D:3      | Noticed an ogre
  4151 | D:3      | Found a hide-covered altar of Uskayaw.
  4260 | D:3      | Found a glowing drain.
  4272 | Sewer    | Entered a sewer
  4624 | Sewer    | Reached skill level 4 in Dodging
  4811 | Sewer    | Reached XP level 6. HP: 33/39 MP: 9/9
  5042 | Sewer    | Slain by a kobold brigand

Table legend: (Time is in decaauts)
 A = Elapsed time spent in this place.
 B = Non-inter-level travel time spent in this place.
 C = Inter-level travel time spent in this place.
 D = Time resting spent in this place.
 E = Time spent auto-exploring this place.
 F = Levels seen in this place.
 G = Mean time per level.
                   A        B        C        D        E       F      G
               +--------+--------+--------+--------+--------+-----+--------+
         Total |   5069 |   4871 |    198 |   2173 |   1439 |   4 | 1267.2 |
       Dungeon |   4289 |   4091 |    198 |   1775 |   1277 |   3 | 1429.7 |
         Sewer |    780 |    780 |      0 |    398 |    162 |   1 |  780.0 |
               +--------+--------+--------+--------+--------+-----+--------+

Top non-repeatable levels by time:
     D:1: 2101 daAuts
     D:2: 1923 daAuts
   Sewer: 780 daAuts
     D:3: 264 daAuts

Table legend:
 A = Kills in this place as a percentage of kills in entire the game.
 B = Kills by you in this place as a percentage of kills by you in the entire game.
 C = Kills by friends in this place as a percentage of kills by friends in the entire game.
 D = Other kills in this place as a percentage of other kills in the entire game.
 E = Experience gained in this place as a percentage of experience gained in the entire game.
 F = Experience gained in this place divided by the number of levels of this place that you have seen.
                   A       B       C       D       E      F
               +-------+-------+-------+-------+-------+----------------------
         Total | 100.0 | 100.0 |   N/A |   N/A | 100.0 |  83.5
       Dungeon |  62.0 |  62.0 |   N/A |   N/A |  60.8 |  67.7
         Sewer |  38.0 |  38.0 |   N/A |   N/A |  39.2 | 131.0
               +-------+-------+-------+-------+-------+----------------------

Action                   |  1- 3 |  4- 6 || total
-------------------------+-------+-------++-------
Melee: Unarmed           |    14 |       ||    14
       Constrict         |    20 |    35 ||    55
       Short sword       |    81 |   128 ||   209
       Tentacles         |    15 |    17 ||    32
       Kick              |    14 |    34 ||    48
       Punch             |       |     2 ||     2
 Cast: Beastly Appendage |    21 |    26 ||    47
  Use: Scroll            |       |     1 ||     1
       Potion            |       |     2 ||     2
 Stab: Sleeping          |     5 |     7 ||    12
Armor: Skin              |     4 |     5 ||     9
Dodge: Dodged            |    41 |   100 ||   141

Vanquished Creatures
  4 gnolls (D:2)
  5 adders
  6 river rats (Sewer)
  2 worms (D:2)
  A dart slug (D:1)
  8 endoplasms
  2 giant cockroaches
  6 goblins
  4 hobgoblins
  2 quokkas
  10 ball pythons
  4 bats
  8 frilled lizards
  18 kobolds
  20 rats
100 creatures vanquished.
